Map: Blackpink LE

Players

ShoWTimE

  • Race: Protoss Protoss
  • Spawn Location: 1:00

Dear - Winner!

  • Race: Protoss Protoss
  • Spawn Location: 7:00

Event: IEM Season 12 - Katowice

VOD

Have the link to the VOD?

Description

Time

  • Played on: March 1, 2018, 7:27 a.m.
  • Length: 11:51

All games in this series

Show
View Real Time Build Order
Export as new Build Order

ShoWTimE Protoss 

Build Orders: Phoenix Opening, Archon Immortal, Mass Phoenix 

Get SALT Encoding   

  12  0:00  Probe  
  13  0:12  Probe  
  14  0:18  Pylon  
  14  0:25  Probe (Chrono Boost)  
  15  0:37  Probe (Chrono Boost), Gateway  
  16  0:45  Probe (Chrono Boost)  
  16  0:46  Assimilator  
  17  0:51  Probe (Chrono Boost)  
  17  0:55  Assimilator  
  18  1:03  Probe (Chrono Boost)  
  19  1:08  Gateway  
  19  1:12  Probe (Chrono Boost)  
  19  1:18  Probe  
  20  1:24  Cybernetics Core  
  21  1:30  Probe  
  22  1:37  Pylon  
  22  1:42  Probe  
  23  1:55  Probe  
  26  2:01  Sentry, Stalker  
  26  2:02  Warp Gate  
  28  2:13  Pylon  
  28  2:24  Pylon  
  28  2:30  Stargate  
  28  2:43  Nexus  
  28  2:50  Stalker  
  30  2:58  Stalker  
  31  3:05  Shield Battery  
  31  3:13  Phoenix (Chrono Boost)  
  31  3:17  Phoenix (Chrono Boost)  
  33  3:27  Probe  
  33  3:31  Shield Battery  
  34  3:38  Phoenix (Chrono Boost)  
  34  3:39  Pylon  
  37  3:44  Shield Battery  
  37  3:48  Probe  
  37  3:56  Probe  
  37  3:59  Shield Battery  
  37  4:00  Probe  
  39  4:03  Phoenix (Chrono Boost)  
  39  4:08  Probe  
  42  4:12  Probe  
  43  4:20  Probe  
  44  4:25  Probe (Chrono Boost)  
  44  4:29  Assimilator  
  44  4:30  Phoenix (Chrono Boost)  
  47  4:32  Probe (Chrono Boost)  
  49  4:42  Probe (Chrono Boost)  
  49  4:43  Probe (Chrono Boost)  
  49  4:44  Stargate  
  50  4:47  Probe (Chrono Boost)  
  50  4:48  Probe  
  52  4:52  Phoenix (Chrono Boost)  
  52  4:59  Probe, Assimilator  
  55  5:02  Probe  
  56  5:11  Probe  
  56  5:12  Pylon  
  58  5:14  Probe  
  58  5:17  Phoenix (Chrono Boost)  
  60  5:23  Probe  
  60  5:26  Probe  
  62  5:33  Pylon, Phoenix (Chrono Boost)  
  62  5:35  Probe  
  65  5:38  Probe  
  65  5:42  Phoenix (Chrono Boost)  
  68  5:47  Probe  
  69  5:51  Phoenix  
  69  5:52  Pylon  
  71  6:06  Robotics Facility  
  71  6:09  Phoenix  
  73  6:11  Sentry  
  73  6:16  Probe x2, Pylon  
  77  6:20  Phoenix  
  77  6:35  Probe x2  
  77  6:36  Gateway  
  77  6:37  Gateway  
  79  6:46  Nexus  
  79  6:51  Immortal (Chrono Boost)  
  83  6:55  Probe x2  
  85  7:06  Forge  
  85  7:08  Probe x2  
  87  7:09  Twilight Council  
  87  7:16  Pylon  
  87  7:18  Zealot x2  
  87  7:21  Observer (Chrono Boost)  
  92  7:25  Shield Battery  
  92  7:28  Probe, Pylon  
  92  7:29  Probe  
  94  7:35  Immortal (Chrono Boost)  
  94  7:36  Charge  
  94  7:38  Protoss Ground Weapons Level 1 (Chrono Boost)  
  94  7:40  Zealot x2  
  102  7:53  Templar Archives  
  102  7:55  Probe  
  102  7:56  Probe  
  104  8:02  Probe  
  105  8:06  Gateway  
  105  8:11  Immortal  
  109  8:15  Gateway  
  109  8:17  Probe  
  108  8:22  Gateway  
  108  8:28  Gateway  
  108  8:31  Pylon  
  108  8:33  High Templar x2  
  112  8:34  Probe  
  112  8:35  Probe  
  112  8:38  Pylon, Archon  
  112  8:40  Assimilator  
  115  8:43  High Templar  
  115  8:44  Assimilator, High Templar  
  115  8:47  Pylon  
  118  8:52  Pylon  
  118  8:54  Immortal  
  122  8:57  Protoss Ground Weapons Level 2 (Chrono Boost)  
  122  8:58  Archon  
  122  9:05  Photon Cannon  
  122  9:17  Pylon  
  122  9:19  Zealot x2  
  126  9:29  Nexus  
  126  9:31  Immortal (Chrono Boost)  
  126  9:38  High Templar x2  
  134  9:40  High Templar x2  
  134  9:43  Photon Cannon  
  134  9:44  Archon  
  134  9:45  Archon  
  138  9:48  Photon Cannon  
  138  9:59  Immortal (Chrono Boost)  
  138  10:03  Probe x2  
  138  10:04  Probe  
  145  10:10  Assimilator  
  145  10:13  High Templar x2  
  149  10:15  Probe, Assimilator  
  149  10:16  Probe x2  
  152  10:27  Archon  
  152  10:30  High Templar x2  
  152  10:31  Zealot x4  
  152  10:33  Gateway  
  152  10:34  Gateway  
  164  10:37  Pylon, Archon  
  164  10:41  Immortal (Chrono Boost)  
  168  10:48  Zealot x2  
  155  10:55  Zealot  
  155  10:56  Zealot x3  
  129  11:09  High Templar x2  
  129  11:10  Zealot  
  121  11:13  Archon  
  122  11:21  Zealot x4  
  130  11:37  High Templar x3  
  130  11:38  Zealot  
  138  11:43  Zealot x2, Archon  
  138  11:44  Zealot  
Show
View Real Time Build Order
Export as new Build Order

Dear Protoss - Winner!

Build Orders: Phoenix Opening 

Get SALT Encoding   

  12  0:00  Probe  
  13  0:12  Probe  
  14  0:17  Pylon  
  14  0:25  Probe (Chrono Boost)  
  15  0:37  Probe (Chrono Boost)  
  15  0:38  Gateway  
  16  0:45  Probe (Chrono Boost)  
  16  0:46  Assimilator  
  17  0:51  Probe  
  17  0:54  Assimilator  
  18  1:03  Probe (Chrono Boost)  
  19  1:07  Gateway  
  19  1:13  Probe (Chrono Boost)  
  19  1:18  Probe (Chrono Boost)  
  20  1:24  Cybernetics Core  
  21  1:29  Probe  
  22  1:32  Pylon  
  22  1:42  Probe  
  23  1:54  Probe  
  23  2:01  Warp Gate, Stalker x2  
  28  2:14  Pylon  
  28  2:20  Stargate  
  28  2:32  Adept x2  
  32  2:56  Nexus  
  32  3:05  Phoenix (Chrono Boost)  
  34  3:14  Probe  
  35  3:21  Phoenix  
  35  3:26  Probe  
  38  3:29  Pylon  
  38  3:38  Probe  
  39  3:47  Phoenix (Chrono Boost)  
  41  3:51  Probe  
  42  4:03  Phoenix (Chrono Boost)  
  42  4:06  Probe (Chrono Boost)  
  42  4:09  Probe (Chrono Boost)  
  42  4:18  Probe (Chrono Boost)  
  42  4:19  Probe (Chrono Boost)  
  42  4:25  Probe  
  42  4:27  Probe, Phoenix (Chrono Boost)  
  42  4:29  Assimilator  
  46  4:33  Assimilator  
  46  4:37  Probe  
  47  4:39  Probe  
  47  4:43  Phoenix (Chrono Boost)  
  50  4:48  Twilight Council  
  50  4:49  Probe  
  50  4:51  Probe  
  52  4:55  Shield Battery  
  52  5:01  Probe  
  52  5:03  Probe  
  52  5:04  Pylon  
  44  5:07  Phoenix  
  54  5:13  Probe  
  57  5:15  Probe, Blink (Chrono Boost)  
  57  5:17  Gateway  
  58  5:26  Probe  
  58  5:28  Probe  
  60  5:33  Robotics Facility  
  60  5:42  Probe x2  
  62  5:49  Stalker x2  
  66  5:56  Pylon  
  66  5:58  Pylon  
  66  6:14  Observer, Stalker x2  
  66  6:15  Stalker  
  66  6:18  Pylon  
  72  6:23  Nexus  
  71  6:33  Forge  
  71  6:40  Stalker x3  
  77  6:47  Probe x2  
  79  6:59  Probe x2  
  79  7:00  Protoss Ground Weapons Level 1 (Chrono Boost)  
  81  7:04  Stalker x3  
  81  7:08  Pylon  
  87  7:14  Probe x2  
  85  7:17  Charge  
  85  7:20  Templar Archives  
  85  7:26  Probe x2  
  87  7:34  Stalker x2  
  87  7:35  Stalker  
  93  7:40  Probe x3  
  96  7:52  Probe x3  
  99  8:00  Gateway x2  
  99  8:01  Observer  
  99  8:03  Gateway  
  99  8:04  Probe x3  
  103  8:08  High Templar x3  
  103  8:12  Assimilator  
  109  8:14  Assimilator  
  109  8:16  Probe  
  109  8:18  Pylon  
  109  8:19  Pylon  
  110  8:22  Probe  
  110  8:23  Pylon  
  112  8:28  Gateway  
  112  8:30  Gateway  
  112  8:33  Protoss Ground Weapons Level 2 (Chrono Boost)  
  112  8:37  Gateway  
  112  8:39  Gateway  
  111  8:45  Gateway  
  111  8:47  High Templar x2  
  115  8:50  Psionic Storm, High Templar  
  117  9:03  Pylon  
  117  9:06  Pylon  
  117  9:07  Nexus  
  117  9:11  Sentry  
  119  9:22  Photon Cannon, Warp Prism  
  121  9:28  Zealot x3, High Templar x2  
  131  9:33  Pylon  
  131  9:35  Probe x3  
  134  9:42  Archon  
  134  9:46  Zealot x3, High Templar x2  
  134  9:49  Archon  
  144  9:54  Zealot x2  
  144  10:01  Pylon  
  144  10:06  High Templar x2  
  144  10:07  Zealot x3  
  153  10:10  Archon  
  153  10:13  Zealot x2  
  157  10:16  Probe x3  
  160  10:27  High Templar  
  160  10:28  Zealot x3, High Templar  
  163  10:31  Archon  
  163  10:33  Zealot x2  
  159  10:54  Zealot x9  
  157  11:15  High Templar x4  
  157  11:16  Zealot x5  
  175  11:19  Archon x2  
  171  11:28  Zealot x2  
  175  11:41  Zealot x5  

Tags
 
Add a new tag
Caveats
  • Supply blocks, unpowered buildings, or Contaminate may cause inaccurate times.
  • Supply counts are checked every 10 seconds.